 Dungeon Crawl Stone Soup version 0.27-a0-1051-g288ea87c7c (webtiles) character file.

Game seed: 11665255577579356916

8117 rageheart7 the Carver (level 11, -8/96 HPs)
             Began as a Palentonga Abyssal Knight on Apr 21, 2021.
             Was a High Priest of Lugonu.
             Mangled by Sonja
             ... wielding a +1 short sword of distortion
              (13 damage)
             ... on level 10 of the Dungeon.
             The game lasted 00:18:38 (13406 turns).

rageheart7 the Carver (Palentonga Abyssal Knight)  Turns: 13406, Time: 00:18:39

Health: -8/96      AC: 17    Str: 18    XL:     11   Next: 5%
Magic:  12/12      EV:  9    Int: 12    God:    Lugonu [*****.]
Gold:   1033       SH:  0    Dex: 11    Spells: 10/10 levels left

rFire    + . .     SeeInvis +   h - +1 demon blade (venom)
rCold    . . .     Faith    .   (no shield)
rNeg     . . .     Spirit   .   j - +2 ring mail {Will+}
rPois    .         Reflect  .   i - +0 helmet
rElec    .         Harm     .   d - +0 cloak
rCorr    +         Rampage  .   (no gloves)
Will     +....                  (no barding)
Stlth    +.........             (no amulet)
HPRegen  0.26/turn              s - ring of resist corrosion
MPRegen  0.13/turn              k - ring of protection from fire

@: lethally poisoned (-8 -> -21), slowed, curled up, very slow
A: large, rugged brown scales 3, see invisible, deformed body, roll 1, armoured
tail, reflexive curl
a: Rolling Charge, Renounce Religion, Depart the Abyss, Bend Space, Banish,
Corrupt, Enter the Abyss


You were on level 10 of the Dungeon.
You worshipped Lugonu.
Lugonu was extremely pleased with you.
You visited 2 branches of the dungeon, and saw 11 of its levels.
You visited the Abyss 1 time.

You collected 1033 gold pieces.

Inventory:

Hand Weapons
 h - a +1 demon blade of venom (weapon)
Missiles
 q - a throwing net
 t - 4 curare-tipped darts
 v - 4 atropa-tipped darts
Armour
 d - a +0 cloak (worn)
 i - a +0 helmet (worn)
 j - a +2 ring mail of willpower (worn)
Jewellery
 g - a ring of ice
 k - a ring of protection from fire (right hand)
 s - a ring of resist corrosion (left hand)
Wands
 e - a wand of iceblast (14)
 l - a wand of charming (6)
 n - a wand of flame (23)
 o - a wand of acid (8)
 u - a wand of mindburst (7)
Potions
 a - a potion of ambrosia {unknown}
 b - a potion of cancellation
 c - a potion of attraction {unknown}
 f - a potion of flight
 m - a potion of brilliance {unknown}
 p - a potion of lignification {unknown}
 x - a potion of curing


   Skills:
 - Level 10.0 Fighting
 * Level 12.3 Long Blades
 - Level 3.1 Maces & Flails
 + Level 3.9 Armour
 + Level 3.6 Dodging
 - Level 2.0 Invocations


You had 10 spell levels left.
You didn't know any spells.
Your spell library contained the following spells:

 Spells                   Type           Power      Damage    Failure   Level
 Animate Skeleton         Necr           0%         N/A       50%         1
 Apportation              Tloc           0%         N/A       50%         1
 Pain                     Necr           0%         1d4       50%         1
 Poisonous Vapours        Pois/Air       0%         N/A       65%         2
 Conjure Flame            Conj/Fire      0%         6-21      86%         3
 Lesser Beckoning         Tloc           0%         N/A       86%         3
 Mephitic Cloud           Conj/Pois/Air  0%         N/A       86%         3
 Tukima's Dance           Hex            0%         N/A       86%         3
 Vampiric Draining        Necr           0%         2d6       86%         3
 Animate Dead             Necr           0%         N/A       99%         4
 Ice Form                 Ice/Tmut       0%         N/A       99%         4
 Summon Ice Beast         Ice/Summ       0%         N/A       99%         4
 Agony                    Necr           0%         N/A       100%        5
 Alistair's Intoxication  Tmut/Pois      0%         N/A       100%        5
 Freezing Cloud           Conj/Ice/Air   0%         6-21      100%        6
 Invisibility             Hex            0%         N/A       100%        6
 Simulacrum               Ice/Necr       0%         N/A       100%        6
 Ozocubu's Refrigeration  Ice            0%         4d5       100%        7


Dungeon Overview and Level Annotations

Branches:
Dungeon (10/15)            Temple (1/1) D:4            Lair (0/6) D:9
    Orc (0/2) D:9

Altars:
Ashenzari
Cheibriados
Dithmenos
Elyvilon
Fedhas
Hepliaklqana
Kikubaaqudgha
Makhleb
Nemelex Xobeh
Okawaru
Ru
Sif Muna
Trog
Uskayaw
Wu Jian
Xom
Yredelemnul
Zin

Shops:
D:5 (

Annotations:
D:10 1 transporter, Sonja


Innate Abilities, Weirdness & Mutations

You are completely covered in rugged brown scales. (AC +3, +7% HP)
You have supernaturally acute eyesight. (SInv)
Armour fits poorly on your strangely shaped body.
You can roll at nearby foes to attack.
You have a long armoured tail.
You curl defensively after being hit.


Message History

You barely miss the meliai zombie. You tail-slap the meliai zombie.
The meliai zombie is almost destroyed.
You feel sick. The meliai zombie barely misses you. x2
Sonja throws a curare-tipped dart.
The curare-tipped dart hits you.
You are more poisoned.
You have difficulty breathing.
You feel as though you will be slow longer.
The meliai zombie barely misses you.
The meliai zombie hits you but does no damage.
You slash the meliai zombie!
You destroy the meliai zombie!
Lugonu accepts your kill.
You feel very sick.
You hit Sonja.
Sonja looks as sick as possible!
Sonja is moderately wounded.
You feel very sick.
Sonja casts a spell.
Sonja blinks!
You feel very sick.
Sonja throws a curare-tipped dart.
The curare-tipped dart hits you.
You are more poisoned.
You have difficulty breathing.
You feel as though you will be slow longer.
Sonja casts a spell.
Sonja blinks!
You are too injured to fight recklessly!
You are too injured to fight recklessly!
You miss Sonja.
Sonja is heavily wounded.
You feel very sick. Sonja barely misses you.
Sonja hits you with a +1 short sword of distortion.
Space warps horribly around you!
* * * LOW HITPOINT WARNING * * *
Sonja hits you with a +1 short sword of distortion.
* * * LOW HITPOINT WARNING * * *
Space warps horribly around you!
* * * LOW HITPOINT WARNING * * *
Sonja hits you but does no damage. Space warps horribly around you!
You die...

.... ........#.# ..#
.............## # ..##
...............###..#
...## .............#....##
....##...................#
#.....#...............####
.##......#.........###.###
..........####....## ##..#
..........## #..@K# ##.#
..#........#ยง..#.## ##.#
....##.......###.. #.##
...####.....## ##.#####.#
..## #..###.## #..##..##
...###..# #..# #.....##
##.....## #.(## ##..##..#
##....# #...###......#.#
###.#####....#...####..#


You could see Sonja (extremely poisoned).

Vanquished Creatures
  A two-headed ogre (D:9)
  A centaur zombie (D:10)
  A komodo dragon (D:10)
  A troll (D:9)
  A meliai zombie (D:10)
  8 yaks (D:9)
  2 steam dragons
  Eustachio (D:4)
  Menkaure (D:5)
  2 swamp worms (D:8)
  A water moccasin (D:7)
  2 black bears (D:6)
  3 ice beasts
  9 orc warriors
  A sky beast (D:7)
  3 centaurs
  2 ogres
  A phantom (D:4)
  2 bullfrogs
  2 kobold brigands
  2 scorpions (D:6)
  A wyvern zombie (D:8)
  A water moccasin skeleton (D:5)
  10 killer bees
  8 wights
  A howler monkey (D:8)
  4 hounds
  A jelly (D:5)
  2 gnoll shamans
  8 orc priests
  2 bullfrog skeletons
  A centaur skeleton (D:5)
  An iguana (D:6)
  15 orc wizards
  A hound skeleton (D:4)
  18 gnolls
  2 adders
  A shadow imp (D:6)
  3 white imps
  3 adder skeletons
  4 dart slugs
  55 orcs
  10 ball pythons
  5 endoplasms
  3 giant cockroaches
  7 hobgoblins
  6 jackals
  2 quokkas (D:1)
  11 bats
  4 frilled lizards
  8 goblins
  22 kobolds
  A quokka skeleton (D:4)
  6 rats
274 creatures vanquished.

Vanquished Creatures (others)
  A bush (D:5)
  28 plants
29 creatures vanquished.

Grand Total: 303 creatures vanquished

Notes
Turn   | Place    | Note
-------+----------+-------------------------------------------
     0 | Abyss:1  | rageheart7 the Palentonga Abyssal Knight began the quest
                  | for the Orb.
     0 | Abyss:1  | Reached XP level 1. HP: 19/19 MP: 2/2
   161 | Abyss:1  | Noticed an ancient zyme
   162 | D:1      | Escaped the Abyss
   347 | D:1      | Reached XP level 2. HP: 19/25 MP: 3/3
   433 | D:1      | Found a faded altar of an unknown god.
   701 | D:1      | Reached * piety under Lugonu
   953 | D:1      | Reached XP level 3. HP: 29/31 MP: 4/4
  1409 | D:2      | Reached ** piety under Lugonu
  2377 | D:3      | Reached XP level 4. HP: 27/39 MP: 5/5
  2381 | D:3      | Reached skill level 1 in Long Blades
  2651 | D:3      | HP: 2/40 [gnoll/+0 spear (3)]
  2653 | D:3      | Reached skill level 2 in Long Blades
  2700 | D:3      | Reached XP level 5. HP: 16/46 MP: 6/6
  3415 | D:4      | Reached skill level 5 in Fighting
  3633 | D:4      | Noticed a phantom
  3651 | D:4      | Killed a phantom
  3652 | D:4      | Reached skill level 3 in Long Blades
  3652 | D:4      | Reached XP level 6. HP: 45/54 MP: 7/7
  3803 | D:4      | Noticed Eustachio
  3819 | D:4      | Killed Eustachio
  3820 | D:4      | Reached skill level 4 in Long Blades
  3938 | D:4      | Reached *** piety under Lugonu
  4053 | D:4      | Found a staircase to the Ecumenical Temple.
  4235 | D:4      | Gained mutation: You curl defensively after being hit.
                  | [Palentonga growth]
  4235 | D:4      | Reached XP level 7. HP: 62/62 MP: 8/8
  4257 | Temple   | Entered the Ecumenical Temple
  4709 | D:5      | Entered Level 5 of the Dungeon
  4832 | D:5      | Reached skill level 5 in Long Blades
  5094 | D:5      | Noticed Menkaure
  5095 | D:5      | Killed Menkaure
  5199 | D:5      | Reached skill level 6 in Long Blades
  5199 | D:5      | Reached XP level 8. HP: 31/71 MP: 9/9
  5459 | D:5      | Found Qiqain's Antique Weapon Emporium.
  6336 | D:6      | Reached skill level 7 in Long Blades
  7015 | D:6      | Reached XP level 9. HP: 61/80 MP: 10/10
  7024 | D:6      | Reached **** piety under Lugonu
  7191 | D:6      | Found a shimmering altar of Xom.
  7271 | D:6      | Reached skill level 8 in Long Blades
  8004 | D:7      | Found a glowing silver altar of Zin.
  8405 | D:8      | Reached skill level 9 in Long Blades
  8519 | D:8      | Reached skill level 10 in Fighting
  8634 | D:8      | HP: 3/74 [poisoned by a kobold brigand]
  9003 | D:8      | HP: 2/78 [wyvern zombie (5)]
  9386 | D:8      | Reached skill level 10 in Long Blades
  9976 | D:8      | Found a shadowy altar of Dithmenos.
 10000 | D:8      | Reached ***** piety under Lugonu
 10060 | D:8      | Reached XP level 10. HP: 80/90 MP: 11/11
 10122 | D:8      | Found a hazy altar of Hepliaklqana.
 10976 | D:9      | Reached skill level 1 in Dodging
 11252 | D:9      | Found a shimmering blue altar of Sif Muna.
 11260 | D:9      | Reached skill level 11 in Long Blades
 11514 | D:9      | Found a staircase to the Lair.
 11689 | D:9      | Found an ornate altar of the Wu Jian Council.
 12130 | D:9      | Found a staircase to the Orcish Mines.
 12247 | D:9      | Identified the +0 falchion of the Lamprey {drain, rN+ MP+9
                  | Int+5}
 12322 | D:9      | Noticed a two-headed ogre
 12642 | D:9      | Killed a two-headed ogre
 12643 | D:9      | Reached skill level 12 in Long Blades
 13041 | D:10     | Entered Level 10 of the Dungeon
 13312 | D:10     | Found a transporter.
 13348 | D:10     | Reached XP level 11. HP: 96/96 MP: 12/12
 13393 | D:10     | Noticed Sonja
 13406 | D:10     | Mangled by Sonja

Illustrated notes

Levels and vault maps discovered:
D:1:      sevenhm_arrival_forest_fort_large_2, layout_loops_ring,
          hellmonk_ecumenical_altar_heavens_door
D:2:      layout_basic
D:3:      layout_loops_ring
D:4:      layout_basic, minmay_temple_entry_sparse_star, minmay_crystal_room,
          kennysheep_doodads, glass_columns_c, minmay_circle_x, uniq_eustachio
D:5:      layout_rooms, serial_shops, shop_coins, serial_bayou,
          serial_bayou_pond_e, serial_bayou_pond_a, serial_bayou_pond_e,
          serial_bayou_pond_e, serial_bayou_lake_a, serial_bayou_pond_e,
          kb_lookout_dungeons_type, uniq_menkaure
D:6:      layout_loops_ring, marbit_many_paths
D:7:      layout_basic, zin_treasury
D:8:      minmay_goldmine, layout_basic, nicolae_overflow_hidden_temple,
          lemuel_round_altar, worms_lemuel
D:9:      layout_loops_ring, overflow_temple_1_default,
          nzn_wu_jian_contemplation, lair_entry_dummy, hiddenorc1_lemuel
D:10:     gammafunk_boulding_lane, layout_layer_cave, old_standard_altar,
          uniq_sonja, uniq_nergalle
Temple:   minmay_temple_bridge_abc

Skill      XL: |  1  2  3  4  5  6  7  8  9 10 |
---------------+-------------------------------+-----
Maces & Flails | 3 |  3.1
Fighting       | 4 5 6 7 8 10 | 10.0
Long Blades    | 2 3 4 6 7 10 12 | 12.3
Dodging        | 3 |  3.6
Armour         | 3 |  3.9
Invocations    | |  2.0

Action                   |  1- 3 |  4- 6 |  7- 9 | 10-12 || total
-------------------------+-------+-------+-------+-------++-------
Melee: Mace              |    97 |       |       |       ||    97
       Tailslap          |     8 |    10 |    42 |    38 ||    98
       Demon blade       |    28 |   129 |   328 |   270 ||   755
Invok: Depart the Abyss  |     1 |       |       |       ||     1
       Bend Space        |       |       |     1 |     1 ||     2
 Abil: Rolling Charge    |     3 |     4 |    17 |    15 ||    39
  Use: Potion            |       |     3 |    10 |       ||    13
       Scroll            |       |       |     9 |     5 ||    14
 Stab: Invisible         |       |       |     4 |       ||     4
Armor: Leather armour    |    50 |       |       |       ||    50
       Ring mail         |     8 |    49 |   112 |    92 ||   261
Dodge: Dodged            |    70 |    59 |   114 |   104 ||   347
       Rpst.: Demon blade |     8 |    20 |    36 |    34 ||    98

Table legend: (Time is in decaauts)
 A = Elapsed time spent in this place.
 B = Non-inter-level travel time spent in this place.
 C = Inter-level travel time spent in this place.
 D = Time resting spent in this place.
 E = Time spent auto-exploring this place.
 F = Levels seen in this place.
 G = Mean time per level.
                   A        B        C        D        E       F      G
               +--------+--------+--------+--------+--------+-----+--------+
         Total |  13405 |  13013 |    392 |    308 |  10842 |  12 | 1117.1 |
       Dungeon |  13048 |  12678 |    370 |    308 |  10510 |  10 | 1304.8 |
        Temple |    194 |    172 |     22 |      0 |    171 |   1 |  194.0 |
         Abyss |    162 |    162 |      0 |      0 |    161 |   1 |  162.0 |
               +--------+--------+--------+--------+--------+-----+--------+

Top non-repeatable levels by time:
     D:8: 2439 daAuts
     D:9: 1863 daAuts
     D:5: 1404 daAuts
     D:6: 1318 daAuts
     D:7: 1276 daAuts
     D:1: 1238 daAuts
     D:4: 1165 daAuts
     D:3: 1105 daAuts
     D:2: 878 daAuts
    D:10: 359 daAuts
  Temple: 194 daAuts
 Abyss:1: 162 daAuts
